[Event "Late-Titled-Tuesday-Blitz-June-25-2024"]
[Site "Chess.com"]
[Date "2024.06.25"]
[Round "5"]
[White "BardArtem"]
[Black "anasta10"]
[Result "0-1"]
[WhiteElo "2822"]
[BlackElo "2647"]
[TimeControl "180+1"]
[EndTime "14:55:49 PDT"]
[Termination "anasta10 won by resignation"]

1. e4 g6 2. d4 Bg7 3. Nc3 d6 4. Nf3 a6 5. Bc4 b5 6. Bd5 Ra7 7. O-O Nf6 8. Bb3 b4 9. e5 dxe5 10. dxe5 bxc3 11. exf6 Qxd1 12. Rxd1 cxb2 13. Bxb2 Bxf6 14.
Ne5 O-O 15. Bd4 Rb7 16. Nxf7 Rxb3 17. Nh6+ Kg7 18. Bxf6+ exf6 19. cxb3 Kxh6 20. Rac1 c6 21. f3 Be6 22. Kf2 Bd5 23. Rd4 Kg7 24. Re1 Rf7 25. Rb4 Nd7 26. Ra4 Nc5 27. Rd4 Rb7 28. Rc1 Ne6 29.
Ra4 Rb6 30. h4 h5 31. g4 hxg4 32. fxg4 g5 33. h5 Nf4 34. Ke3 Be6 35. Kf3 Bd5+ 36. Ke3 Kf7 37. Rc5 Ne6 38. Rca5 Nc7 39. Rc5 Rb8 40. Rc1 Re8+ 41. Kf2 Kg7 42. Rb4 Re7 43. Rb7 Kf7 44. Ra7 Ne6 45. Rxa6 Nf4 46. Rc2 Nd3+ 47.
Kg1 Nf4 48. Kh2 Re1 49. Ra7+ Ke6 50. Kg3 Rg1+ 51. Kh2 Rxg4 52. Ra8 Rh4+ 53. Kg3 Rxh5 54. Re8+ Kd7 55. Re1 Rh8 56. Rd2 Rh3+ 57. Kf2 Nd3+ 58. Ke2 Nxe1 59. Kxe1 Re3+ 60. Kf2 Re5 61. Rd4 Kc7 62.
Ra4 Kb6 63. Ra8 f5 64. a4 g4 65. Re8 Rxe8 0-1

[Event "Late-Titled-Tuesday-Blitz-June-25-2024"]
[Site "Chess.com"]
[Date "2024.06.25"]
[Round "5"]
[White "AlexanderMatlak"]
[Black "Bilan_Danila"]
[Result "1-0"]
[WhiteElo "2469"]
[BlackElo "2616"]
[TimeControl "180+1"]
[EndTime "14:55:50 PDT"]
[Termination "AlexanderMatlak won by resignation"]

1. c4 c6 2. Nf3 d5 3. g3 Nf6 4.
Bg2 Bf5 5. O-O e6 6. d3 Nbd7 7. a3 h6 8. b4 Bd6 9. Bb2 O-O 10. Nbd2 e5 11. e4 dxe4 12. dxe4 Be6 13. c5 Bc7 14. Nh4 b6 15. cxb6 axb6 16. Nf5 c5 17. Qc2 Rc8 18. b5 c4 19. Bc3 Nc5 20. a4 Nb3 21. Nxb3 cxb3 22. Qb2 Bxf5 23. exf5 Qe7 24. Qxb3 Bd6 25.
a5 bxa5 26. b6 Bb4 27. Bxb4 axb4 28. b7 Rc7 29. Rfb1 Rxb7 30. Bxb7 Qxb7 31. Qxb4 Qf3 32. Qd6 Qxf5 33. Rb8 Rxb8 34. Qxb8+ Kh7 35. Re1 Ng4 36. Qb1 Qxb1 37. Rxb1 e4 38. h3 Ne5 39. Kf1 f5 40.
Ke2 g5 41. Rb5 Nf3 42. Ke3 Kg6 43. g4 fxg4 44. hxg4 Nh2 45. Rb6+ Kg7 46. Kxe4 Nxg4 47. f3 Nf6+ 48. Kf5 Nd5 49. Rb7+ Kf8 50. Kg6 Ne7+ 51.
Kxh6 Nf5+ 52. Kxg5 Nd4 53. f4 Ke8 54. f5 Kf8 55. Kg6 Nc6 56. Kf6 Ke8 57. Rc7 Nb4 58. Rh7 Nd5+ 59. Ke5 Nb6 60. f6 Kf8 61. Ke6 Kg8 62. Rb7 Nc8 63. Rb8 Kh7 64. Rxc8 Kg6 65. f7 1-0

[Event "Late-Titled-Tuesday-Blitz-June-25-2024"]
[Site "Chess.com"]
[Date "2024.06.25"]
[Round "5"]
[White "subham777"]
[Black "MuhittinBuker"]
[Result "1-0"]
[WhiteElo "2536"]
[BlackElo "2243"]
[TimeControl "180+1"]
[EndTime "14:55:52 PDT"]
[Termination "subham777 won on time"]

1. e4 e5 2. Nf3 Nc6 3. Bc4 Nf6 4. d3 Bc5 5. c3 a6 6. Nbd2 Ba7 7. Nf1 h6 8. Ng3 d6 9. Be3 Be6 10. Bb3 Bxb3 11.
axb3 Bxe3 12. fxe3 O-O 13. c4 a5 14. O-O g6 15. h3 Nh7 16. Nh2 Qh4 17. Qf3 Ng5 18. Qf2 Nb4 19. Rad1 c5 20. Nf3 Nxf3+ 21. Qxf3 a4 22.
bxa4 Rxa4 23. Rf2 Raa8 24. Nf1 Kg7 25. Nh2 f5 26. exf5 Nc6 27. Qd5 gxf5 28. Qxd6 Qe7 29.
Qd5 Rad8 30. Qf3 Rf6 31. Nf1 Rdd6 32. Ng3 Kh7 33. Nxf5 Qf8 34. Qe4 Kh8 35. Rdf1 Rde6 36. Nh4 Rxf2 37. Rxf2 Qg7 38. Nf5 Qg6 39. Qg4 Qxg4 40.
hxg4 Kh7 41. Kh2 Kg6 42. Kg3 Nb4 43. Rd2 Kg5 44. d4 h5 45. d5 Re8 46. Nd6 Rf8 47. Ne4+ Kg6 48. gxh5+ Kxh5 49. d6 b6 50. d7 Rd8 51.
Nf6+ Kg6 52. Ng4 Kf5 53. Rd6 Nc6 54. Rxc6 Rxd7 55. Rxb6 e4 56. Rf6+ Kg5 57. Re6 Rd2 58.
Re5+ Kg6 59. Rxc5 Rxb2 60. Re5 Rc2 61. Rxe4 Rc3 62. Kf3 Kf5 63. Rd4 Ra3 64. Rd5+ Ke6 65. Ke4 Ra2 66. Re5+ Kd6 67. g3 Rc2 68. Rd5+ Kc6 69.
Rd4 1-0

[Event "Late-Titled-Tuesday-Blitz-June-25-2024"]
[Site "Chess.com"]
[Date "2024.06.25"]
[Round "5"]
[White "LidongW"]
[Black "wild3000"]
[Result "1-0"]
[WhiteElo "2349"]
[BlackElo "2518"]
[TimeControl "180+1"]
[EndTime "14:55:57 PDT"]
[Termination "LidongW won on time"]

1. e4 e6 2. d4 a6 3. c4 d6 4.
Nc3 Nf6 5. Nf3 Be7 6. Bd3 O-O 7. e5 dxe5 8. dxe5 Nfd7 9. O-O Nc6 10. Re1 Nc5 11. Bc2 Qxd1 12. Rxd1 Nd7 13. Re1 Rd8 14.
a3 Nf8 15. Be3 Ng6 16. Bxg6 hxg6 17. b4 b6 18. Rad1 Bb7 19. h3 Rxd1 20. Rxd1 Rd8 21. Kf1 Rxd1+ 22. Nxd1 a5 23. b5 Nb8 24. a4 Nd7 25.
Bd4 Bc5 26. Bc3 Be4 27. Ke2 Bc2 28. Nb2 Ba3 29. Kd2 Be4 30. Nd3 Bxd3 31. Kxd3 Nc5+ 32. Ke3 Nxa4 33. Bd4 Bc5 34. Kd3 Kf8 35. g4 Ke7 36.
h4 f6 37. h5 gxh5 38. gxh5 Bxd4 39. Kxd4 Kf7 40. Nd2 Nc5 41. f4 f5 42. Nf3 Kg8 43. Ng5 a4 44. Kc3 Kf8 45. Nf3 Ke7 46. Kb4 Nd3+ 47. Kxa4 Nxf4 48. Kb3 Nxh5 49. Kc3 Nf4 50. Kd4 Ng6 51. Ng5 Nf8 52. Ke3 Nd7 53. Kd4 g6 54. Nh7 Nf8 55. Ng5 Kd7 56. Kc3 c5 57. Kd3 Ke7 58. Ke3 Nd7 59. Kf4 Nf8 60. Ke3 Ke8 61. Kf4 Kd8 62. Ke3 Nd7 63. Kf4 Ke7 64. Nh7 Kf7 65. Ng5+ Kg7 66. Nh3 Kh6 67. Ng5 Kh5 68. Nxe6 g5+ 69. Nxg5 Nxe5 70. Kxf5 Nxc4 71. Ne4 Na3 72.
Nd6 c4 73. Ke4 Kg6 74. Kd4 1-0

[Event "Late-Titled-Tuesday-Blitz-June-25-2024"]
[Site "Chess.com"]
[Date "2024.06.25"]
[Round "5"]
[White "PoAslan"]
[Black "vova-79"]
[Result "1-0"]
[WhiteElo "2442"]
[BlackElo "2588"]
[TimeControl "180+1"]
[EndTime "14:56:00 PDT"]
[Termination "PoAslan won on time"]

1. e4 e6 2. d4 d5 3. Nd2 dxe4 4. Nxe4 Nd7 5. Nf3 Ngf6 6. Nxf6+ Nxf6 7. Be3 Nd5 8. Qe2 Nxe3 9. Qxe3 Be7 10. Bd3 Qd6 11. O-O-O Bd7 12. Ne5 Bf6 13. f4 h6 14. Be4 Rf8 15. Qb3 Qb6 16. Nxd7 Kxd7 17. Qa4+ c6 18. c3 Kc7 19. Kc2 a6 20. Rd2 Qb5 21. Qb3 Qxb3+ 22. axb3 Rad8 23. b4 Rd7 24. g4 g5 25. Rf2 gxf4 26. Rxf4 Bg7 27. h4 e5 28. dxe5 Bxe5 29. Rf5 f6 30. g5 hxg5 31. hxg5 Re7 32. g6 Bxc3 33. Bd3 Bxb4 34. Rh7 Rg8 35. Rxf6 Rgg7 36.
Rh4 a5 37. Rhf4 Bd6 38. Rf3 Be5 39. Rf7 Kd6 40. Kb3 b5 41. Rf8 Kc5 42. Rc8 a4+ 43.
Kc2 Rc7 44. Re8 Rce7 45. Ref8 Kb6 46. R3f5 Bd4 47. R5f7 Be5 48. Rxe7 Rxe7 49. Bf5 Kc5 50. Rc8 Rc7 51. Re8 Kd5 52. Be6+ Kd4 53. Bf7 b4 54. Rd8+ Kc5 55. Ra8 Kb5 56. Re8 Bg7 57. Rg8 Be5 58.
Re8 Bg7 59. Rb8+ Kc5 60. Ra8 Kb5 61. Kd3 a3 62. bxa3 bxa3 63. Rxa3 Kc5 64. Ke4 Kd6 65. Kf5 Rb7 66. Rd3+ Ke7 67. Re3+ Kd7 68. Be8+ Kd6 69. Re6+ Kc5 70. Bxc6 Rb6 71. Re7 Bc3 72. Be4 Rf6+ 73. Kg5 Rf1 74. Re6 Rg1+ 75. Kf4 Rf1+ 76. Bf3 Rg1 77.
Bg4 Rf1+ 78. Kg5 Bd2+ 79. Kh4 Rh1+ 80. Bh3 Rg1 81. Re2 Bg5+ 82. Kh5 Bc1 83. Bg2 Kd4 84.
g7 Kd3 85. Rf2 Be3 86. Ra2 1-0

[Event "Late-Titled-Tuesday-Blitz-June-25-2024"]
[Site "Chess.com"]
[Date "2024.06.25"]
[Round "5"]
[White "tarno17"]
[Black "CoachVadim"]
[Result "0-1"]
[WhiteElo "2174"]
[BlackElo "2405"]
[TimeControl "180+1"]
[EndTime "14:56:03 PDT"]
[Termination "CoachVadim won by resignation"]

1. e4 c5 2. Nf3 d6 3. Bb5+ Bd7 4. Bxd7+ Qxd7 5. O-O Nc6 6. c3 Nf6 7. d3 g6 8. Nbd2 Bg7 9. Re1 O-O 10. Nf1 b5 11. Ng3 a5 12. Bf4 a4 13. Qd2 a3 14. b3 b4 15.
Rac1 bxc3 16. Rxc3 Ng4 17. h3 Bxc3 18. Qxc3 e5 19. Bd2 Nf6 20. Bh6 Rfc8 21. Qc1 Nd4 22.
Nh4 Ne8 23. Nhf5 f6 24. Ne3 Ng7 25. Nd5 Qe6 26. Bxg7 Kxg7 27. Re3 Ra7 28. Ne2 Nxb3 29. axb3 a2 30. Qa1 Rb8 31. Nc1 Qd7 32. Re2 Qb5 33. Rxa2 Rxa2 34. Qxa2 Qb7 35. Qb2 Ra8 36. Kh2 Qa7 37. Ne2 Qa1 38. Qxa1 Rxa1 39. f4 Rd1 40. fxe5 fxe5 41. Ng3 Rxd3 42. Nb6 Rxb3 43. Nc4 Rd3 44.
h4 h5 45. Ne2 Rd1 46. Ng3 Kf6 47. Nb6 Ke6 48. Nd5 c4 49. Ne2 Rd3 50. Nec3 Kd7 51.
g3 Kc6 52. Kh3 Kc5 53. Ne2 Kb5 54. Nec3+ Kc5 55. Ne2 Rd2 56. Nec3 Rc2 57. g4 Kd4 58. gxh5 gxh5 59. Nb5+ Kxe4 60. Ndc7 d5 61. Nd6+ Kd4 62.
Kg3 e4 63. Kf4 Rf2+ 64. Kg3 e3 65. Nf5+ Kd3 66. Nxd5 Rxf5 67. Nb4+ Ke4 68. Nc2 e2 69. Ne1 Rf1 70. Ng2 Rg1 71. Kf2 Rxg2+ 72. Kxg2 e1=Q 73. Kh2 Kf3 0-1

[Event "Late-Titled-Tuesday-Blitz-June-25-2024"]
[Site "Chess.com"]
[Date "2024.06.25"]
[Round "5"]
[White "DenLaz"]
[Black "LastGladiator1"]
[Result "1-0"]
[WhiteElo "3129"]
[BlackElo "2983"]
[TimeControl "180+1"]
[EndTime "14:56:04 PDT"]
[Termination "DenLaz won by resignation"]

1. d4 d5 2. c4 c6 3. Nf3 Nf6 4. Qc2 dxc4 5. Qxc4 Bg4 6. Nc3 e6 7. e4 Bxf3 8. gxf3 Nbd7 9. Be3 a5 10. Qd3 e5 11. O-O-O Qc7 12. Bh3 exd4 13. Bxd4 Nc5 14. Qe3 Nfd7 15. Kb1 Ne6 16. Bxe6 fxe6 17. Qg5 e5 18. Be3 g6 19. h4 Be7 20. Qg4 O-O-O 21.
h5 gxh5 22. Rxh5 Kb8 23. Qe6 Rhe8 24. Qc4 Nf6 25. Rhh1 Rxd1+ 26. Rxd1 Rd8 27. Rh1 Qd6 28. Kc2 b5 29. Qe2 Qe6 30. b3 Kb7 31. Nxb5 cxb5 32. Qxb5+ Kc8 33. Kb2 Rd7 34. Qxa5 Rc7 35. Qa8+ Kd7 36.
Rd1+ Bd6 37. a4 Qe7 38. a5 Ke6 39. Qa6 Qd7 40. Qb6 Rc6 41. Qa7 Qxa7 42. Bxa7 Ra6 43. Bb6 Nd7 44. Bd8 Be7 45. Bxe7 Kxe7 46. b4 Ke6 47. Rh1 Nf6 48. Kb3 Rd6 49. b5 Rd3+ 50.
Kc4 Rxf3 51. a6 Nxe4 52. a7 Ra3 53. b6 Nd6+ 54. Kb4 Ra6 55. Rh6+ Kd5 56. Rxd6+ Kxd6 57. b7 Rb6+ 58. Kc4 Rxb7 59. a8=Q Rc7+ 60. Kd3 Re7 61.
Ke4 Ke6 62. Qa6+ Kf7 63. Kf5 e4 64. Qf6+ Ke8 65. Qd6 Kf7 66. Qd5+ Kg7 67. Kg5 h6+ 68. Kg4 Kg6 69. Qd6+ Kf7 70. Qxh6 Re6 71. Qh7+ Kf6 72. Kf4 Re7 73. Qh6+ Kf7 74. Kf5 Ke8 75. Qd6 Kf7 76. Qxe7+ Kxe7 77. Kxe4 1-0

[Event "Late-Titled-Tuesday-Blitz-June-25-2024"]
[Site "Chess.com"]
[Date "2024.06.25"]
[Round "5"]
[White "GothamChess"]
[Black "Grischuk"]
[Result "1/2-1/2"]
[WhiteElo "2764"]
[BlackElo "3120"]
[TimeControl "180+1"]
[EndTime "14:56:05 PDT"]
[Termination "Game drawn - insufficient material"]

1. e4 e5 2. Nf3 Nc6 3. c3 Nf6 4. d4 exd4 5. e5 Nd5 6. Qb3 Nb6 7. cxd4 d6 8. Bb5 Be6 9. Qd1 Be7 10. Nc3 Nd5 11.
O-O O-O 12. Ne4 Bg4 13. Bxc6 bxc6 14. h3 Bh5 15. Ng3 Bg6 16. Qa4 Qd7 17. Bd2 Rfb8 18.
b3 a5 19. Rac1 Rb6 20. Qc4 h6 21. Rfe1 Bf8 22. Kh2 Qc8 23. Nh4 Bh7 24. Qe2 a4 25. bxa4 Rxa4 26. exd6 cxd6 27. Qe8 Ra8 28. Qxc8 Rxc8 29.
a4 Rb2 30. Nf3 Bd3 31. Ra1 Ra8 32. Rec1 Ra6 33. a5 Bb5 34. Kg1 Be7 35. Ne4 f6 36. Ng3 Kf7 37. Nf5 Bf8 38. Ng3 g6 39. Ne4 g5 40.
Bc3 Re2 41. Ng3 Re8 42. Bd2 Kg6 43. Re1 Rea8 44. Ne4 Kf7 45. g4 R6a7 46. Ng3 Re8 47. Rxe8 Kxe8 48. Nf5 Kf7 49. h4 h5 50. gxh5 g4 51. Nh2 Bd3 52. Ne3 Nxe3 53. Bxe3 f5 54.
h6 Kg6 55. Rd1 Be4 56. Bd2 Bd5 57. Nf1 Bxh6 58. Bxh6 Kxh6 59. Ra1 f4 60. Nh2 Kh5 61. Ra3 Kxh4 62. Nf1 Kg5 63. Nd2 Kf5 64. Kf1 Ra6 65. Ke2 c5 66. dxc5 dxc5 67. Kd3 Ke5 68. Nc4+ Ke6 69.
Nb6 Kd6 70. Ra4 c4+ 71. Kd4 Be6 72. Nxc4+ Bxc4 73. Kxc4 g3 74. fxg3 fxg3 75. Ra3 g2 76.
Rg3 Rxa5 77. Rg6+ Kc7 78. Rxg2 Rf5 79. Rd2 Rf6 80. Rd5 Rd6 81. Rxd6 Kxd6 1/2-1/2

[Event "Late-Titled-Tuesday-Blitz-June-25-2024"]
[Site "Chess.com"]
[Date "2024.06.25"]
[Round "5"]
[White "Cxrjs"]
[Black "OppieZippy"]
[Result "1-0"]
[WhiteElo "2523"]
[BlackElo "2347"]
[TimeControl "180+1"]
[EndTime "14:56:05 PDT"]
[Termination "Cxrjs won by resignation"]

1. e4 e5 2. Nf3 Nc6 3. Bb5 a6 4. Ba4 d6 5. c3 Bd7 6. Qe2 g6 7. d4 Bg7 8. d5 Nb8 9. Bc2 Ne7 10. c4 O-O 11. a3 c6 12. Nc3 cxd5 13. Nxd5 Nxd5 14.
cxd5 a5 15. O-O Na6 16. Nd2 Nc5 17. Nc4 Qe7 18. Be3 Bb5 19. b4 axb4 20. axb4 Rxa1 21.
Rxa1 Na6 22. Bb3 Rc8 23. Bd2 Qc7 24. Rc1 Qe7 25. Qf3 h5 26. h3 Bf6 27. Qe3 Bg7 28. Qb6 Bxc4 29. Rxc4 Rxc4 30. Bxc4 Qc7 31. Qxc7 Nxc7 32.
Be3 Kf8 33. Bb6 Na8 34. Be3 Ke7 35. Kf1 Nc7 36. Ke2 Na6 37. Bd2 Bf6 38. Kd3 Nc7 39.
Be3 Na6 40. Kc3 Kd7 41. Bb5+ Ke7 42. Bb6 Bg5 43. g3 h4 44. g4 Bf4 45. f3 Bg5 46. Bf2 Bf4 47. Bxh4+ g5 48. Bf2 f6 49. Be1 Kd8 50. Kb3 Nc7 51. Bc4 Ne8 52. Bf2 Ng7 53.
Bb6+ Ke7 54. Ka4 Ne8 55. Bb5 Bd2 56. Ka5 Be1 57. Be3 Kd8 58. Bb6+ Nc7 59. Bc4 Kc8 60.
Ka4 Na8 61. Be3 Nc7 62. b5 Ne8 63. Bc1 Kd7 64. Ba3 Kc8 65. b6 Bf2 66. Bb5 Kd8 67. Bxe8 Kxe8 68. Kb5 Kd7 69. Bb4 Be1 70. Bxe1 1-0

[Event "Late-Titled-Tuesday-Blitz-June-25-2024"]
[Site "Chess.com"]
[Date "2024.06.25"]
[Round "5"]
[White "1g60-1"]
[Black "SebbyMeister"]
[Result "1/2-1/2"]
[WhiteElo "2463"]
[BlackElo "2250"]
[TimeControl "180+1"]
[EndTime "14:56:06 PDT"]
[Termination "Game drawn by repetition"]

1. e4 c5 2. Nf3 e6 3. d4 cxd4 4. Nxd4 a6 5. Bd3 Nf6 6. Nc3 Qc7 7. O-O Be7 8. Nb3 O-O 9. f4 d6 10. Kh1 b5 11. a3 Nbd7 12. Rf3 Bb7 13. Rh3 g6 14. f5 Ne5 15. Qe2 Rfe8 16. Bd2 Bf8 17. fxe6 fxe6 18. Rf1 Bg7 19. Bg5 Rf8 20. Nd4 Qd7 21. Rh4 Rf7 22. Rhf4 Raf8 23. Nb3 Nfg4 24. h3 Nf6 25. Qd1 Nh5 26. Rxf7 Rxf7 27. Rxf7 Qxf7 28. Kg1 h6 29. Be3 Kh7 30. Na5 Ba8 31. Be2 Nf6 32. Qxd6 Nxe4 33. Nxe4 Bxe4 34. c4 bxc4 35. Nxc4 Nc6 36.
Bd3 Bd5 37. Nb6 Be5 38. Qd7 Qxd7 39. Nxd7 Bxb2 40. Bxa6 Bxa3 41. Bc5 Bxc5+ 42. Nxc5 Kg7 43. Bb7 Ne5 44. Kf2 Nd3+ 45. Nxd3 Bxb7 46. Nf4 Kf6 47. g3 g5 48. Ne2 Ba6 49. Nc3 Bd3 50. h4 Bc2 51.
hxg5+ hxg5 52. Ke3 Ke5 53. Ne2 Bd1 54. Nd4 Ba4 55.
Nf3+ Kf6 56. Nd4 Bd7 57. Nf3 e5 58. Nd2 Bc6 59. Kf2 Bd5 60. Nf1 Kf5 61. Ne3+ Ke4 62.
Nf1 Bc4 63. Nd2+ Kd3 64. Nf3 e4 65. Nxg5 e3+ 66. Ke1 Bb5 67. Ne6 Bc4 68. Nc5+ Kd4 69. Nd7 Be6 70. Nf6 Ke5 71. Nh5 Kf5 72. Nf4 Bc4 73. Ng2 Ke4 74. Nxe3 Kxe3 75. g4 Kf4 76. g5 Bg8 77. g6 Kf5 78. g7 Kg5 79. Kf2 Kf6 80.
Ke3 Ke7 81. Kd4 Kf7 82. Kc5 Kg6 83. Kd6 Kh7 84. Kc7 Kh6 85. Kb8 Kg6 86. Ka7 Kf7 87. Kb6 Bh7 88. Kb5 Bg8 89. Kb4 Kg6 90. Ka3 Kh7 91. Kb2 Bf7 92. Ka1 Kg8 93. Kb2 Be6 94. Kc1 Bd7 95. Kd2 Be8 96. Ke2 Bf7 97. Kf2 Be6 98. Ke3 Bd7 99. Kf4 Be8 100. Kg3 Bf7 101. Kh2 Be6 102. Kg1 Bd7 103. Kf2 Be8 104. Kg3 Bf7 105.
Kf2 Be6 106. Kg3 Bd7 107. Kf2 Be8 108. Kg3 1/2-1/2

[Event "Late-Titled-Tuesday-Blitz-June-25-2024"]
[Site "Chess.com"]
[Date "2024.06.25"]
[Round "5"]
[White "Bugcrusher"]
[Black "IMRosen"]
[Result "1/2-1/2"]
[WhiteElo "2484"]
[BlackElo "2727"]
[TimeControl "180+1"]
[EndTime "14:56:14 PDT"]
[Termination "Game drawn by stalemate"]

1. d4 d5 2. Nf3 Nf6 3. c4 e6 4. g3 dxc4 5. Bg2 Bb4+ 6. Bd2 c5 7. O-O O-O 8. dxc5 Bxc5 9. Qc2 Nbd7 10. Qxc4 b5 11.
Qxb5 Rb8 12. Qc4 Rxb2 13. Bc3 Rb6 14. Ba5 Ba6 15. Bxb6 Qxb6 16. Qc2 Ng4 17. e3 Bxf1 18. Bxf1 Rc8 19. Qe2 e5 20. Nbd2 Qe6 21. Nb3 Bb6 22. Rd1 h5 23. Ng5 Qe7 24. Ne4 Nf8 25. Bh3 Qe6 26. f3 Qg6 27. Nbd2 Bxe3+ 28. Kg2 Bxd2 29. Rxd2 f5 30. Nd6 Rc6 31. fxg4 hxg4 32. Bxg4 Rxd6 33. Rxd6 Qxd6 34. Bxf5 Qd5+ 35. Be4 Qd4 36. Qd3 Ne6 37. Qxd4 Nxd4 38. Bd5+ Kf8 39. g4 Ke7 40. h4 Ne2 41. Kf3 Nc3 42. Bb3 a5 43. g5 a4 44. Bc4 Nb1 45.
Kg4 Nd2 46. Bd5 Kd6 47. Bg8 e4 48. h5 e3 49. Kg3 Ne4+ 50. Kf3 Nxg5+ 51. Kxe3 Ke5 52.
Kd3 Ne4 53. Kc4 Nf6 54. Bf7 Ne4 55. Kb4 Nd6 56. Bg6 Kd4 57. Kxa4 Kc3 58. Ka5 Kc4 59. Kb6 Kd5 60. a4 Nc4+ 61. Kb5 Nd6+ 62. Kb6 Nc4+ 63. Kc7 Ke6 64. Kc6 Na5+ 65. Kb5 Nb3 66. a5 Nxa5 67. Kxa5 Ke7 68. Kb6 Kf8 69. Bh7 Kf7 70. Kc6 g5 71. hxg6+ Kg7 72. Kd7 Kh8 73. Ke6 Kg7 74.
Kf5 Kh8 75. Kg5 Kg7 76. Kf5 Kh8 77. Ke6 Kg7 78. Ke7 Kh8 79. Bg8 Kxg8 80. Kf6 Kf8 81. g7+ Kg8 82. Kg6 1/2-1/2

[Event "Late-Titled-Tuesday-Blitz-June-25-2024"]
[Site "Chess.com"]
[Date "2024.06.25"]
[Round "5"]
[White "KoshkaMatrioshka"]
[Black "Greguer"]
[Result "1-0"]
[WhiteElo "2553"]
[BlackElo "2331"]
[TimeControl "180+1"]
[EndTime "14:56:16 PDT"]
[Termination "KoshkaMatrioshka won by resignation"]

1. c4 c6 2. Nf3 d5 3. g3 Nf6 4.
Bg2 Bg4 5. Ne5 Bf5 6. cxd5 cxd5 7. g4 Be4 8. f3 Bxb1 9. Rxb1 e6 10. Qa4+ Nfd7 11. O-O Bc5+ 12. e3 O-O 13. Nxd7 Nxd7 14. d4 Bd6 15. f4 a6 16. Bd2 Nb6 17. Qd1 Rc8 18. Ba5 Bc7 19. b3 Nd7 20. Bxc7 Qxc7 21.
Rc1 Qa5 22. Qe2 Qa3 23. Qd2 Rfd8 24. g5 Nb8 25. f5 Rxc1 26. Rxc1 Qe7 27. h4 exf5 28. Rc5 Qe6 29. Qc3 Nc6 30. b4 h6 31.
a4 hxg5 32. hxg5 Qe7 33. b5 axb5 34. axb5 Na7 35. g6 fxg6 36. Bxd5+ Kf8 37. Bg2 Re8 38. Rc7 Qxe3+ 39. Qxe3 Rxe3 40. Rxb7 Nxb5 41. Rxb5 Rd3 42. d5 Ke7 43. Rb6 g5 44. Rg6 Kf7 45.
Rc6 g4 46. Kf2 f4 47. Ke2 Rd4 48. Bf1 Rxd5 49. Rc4 g5 50. Ke1 Ra5 51. Rc6 Ra2 52.
Be2 Rb2 53. Bxg4 Kg7 54. Rc5 Kf6 55. Rf5+ Kg6 56. Re5 Rg2 57. Be2 Rg1+ 58. Kf2 Rg3 59. Bf3 Rh3 60. Re6+ Kf5 61. Re8 Rh2+ 62. Kg1 Rb2 63.
Rf8+ Kg6 64. Kf1 Rb1+ 65. Kf2 Rb2+ 66. Ke1 Rh2 67. Re8 Kf6 68. Rf8+ Kg7 69. Rf5 Kg6 70. Be4 Kh5 71. Bf3+ Kg6 72. Rc5 Rh3 73. Ke2 Rh2+ 74. Kd3 Rh3 75. Ke4 Rh2 76. Rc6+ Kf7 77. Kf5 Rf2 78. Kg4 Rf1 79. Rc5 Kf6 80. Rf5+ Ke6 81.
Ra5 Kf6 82. Ra6+ Ke5 83. Ra5+ Kd4 84. Bb7 Ke3 85. Kxg5 f3 86. Ra3+ Ke2 87. Ba6+ Ke1 88.
Ra1+ 1-0

[Event "Late-Titled-Tuesday-Blitz-June-25-2024"]
[Site "Chess.com"]
[Date "2024.06.25"]
[Round "5"]
[White "GoValya"]
[Black "Defenstrator"]
[Result "1-0"]
[WhiteElo "2220"]
[BlackElo "2410"]
[TimeControl "180+1"]
[EndTime "14:56:16 PDT"]
[Termination "GoValya won by checkmate"]

1. d4 e6 2. g3 c5 3. Bg2 cxd4 4.
Qxd4 d5 5. c4 Nc6 6. Qf4 Bd6 7.
Qg5 Qf6 8. Qxf6 Nxf6 9. cxd5 Nb4 10. Na3 Nbxd5 11. Nc4 Bb4+ 12. Bd2 O-O 13. Nf3 b5 14. Nce5 Bb7 15. O-O Rac8 16. Rac1 Ne4 17. Bxb4 Nxb4 18. a3 Na6 19. Nd4 b4 20. axb4 Nxb4 21. Ra1 a6 22. Ra4 a5 23. Rxa5 Rfd8 24. e3 Bd5 25. Ra4 Nd3 26.
Nxd3 Nd2 27. Bxd5 Nxf1 28. Bb7 Rc7 29. Kxf1 Rxb7 30. Ke2 e5 31. Nxe5 Rxb2+ 32. Kf3 Re8 33. Nec6 g6 34. Ra7 Kg7 35. Ne7 Reb8 36. Nd5 R8b7 37.
Ra6 h5 38. Rd6 Rd2 39. Nf6 Rbb2 40. Ne4 Rd1 41. Rd7 Kh6 42. Rxf7 Rf1 43. Ne6 g5 44.
N6xg5 Kg6 45. Rf6+ Kg7 46. Rd6 Rbb1 47. h3 Rb2 48. h4 Kf8 49. Rd7 Ke8 50. Rh7 Kd8 51.
Rxh5 Ke8 52. Rh8+ Ke7 53. h5 Rh1 54. h6 Rb6 55. h7 Rbh6 56. Rb8 Kd7 57. Rb7+ Kc6 58.
Rb8 Kd5 59. Rd8+ Ke5 60. Re8+ Kf5 61. Rf8+ Kg6 62. Rf6+ Kg7 63. Rxh6 Rxh6 64. Kg4 Rh1 65. f4 Kh8 66. f5 Rh6 67. Nf2 Rh2 68. Nfh3 Ra2 69.
Nf4 Ra6 70. Nh5 Ra4+ 71. Nf4 Ra6 72. e4 Ra5 73. e5 Rxe5 74. Nf7+ Kxh7 75. Nxe5 Kg7 76.
Kg5 Kh8 77. f6 Kh7 78. f7 Kg7 79. Nfg6 Kh7 80. Kh5 Kg7 81. f8=Q+ Kh7 82. Qh8# 1-0

[Event "Late-Titled-Tuesday-Blitz-June-25-2024"]
[Site "Chess.com"]
[Date "2024.06.25"]
[Round "5"]
[White "TokChess"]
[Black "GAZZAN_3000"]
[Result "1/2-1/2"]
[WhiteElo "2518"]
[BlackElo "2736"]
[TimeControl "180+1"]
[EndTime "14:56:18 PDT"]
[Termination "Game drawn - insufficient material"]

1. e4 c5 2. Nf3 Nc6 3. Bb5 g6 4. Bxc6 bxc6 5. O-O Bg7 6. d3 d6 7. Re1 e5 8. Nbd2 Ne7 9. h3 O-O 10. Nc4 h6 11. c3 Be6 12. Be3 f5 13. exf5 gxf5 14.
Qa4 f4 15. Bd2 Bd5 16. Nh2 Ng6 17. Re4 Bxe4 18. dxe4 Ne7 19. Rd1 Qb8 20. Bc1 Rd8 21.
Qc2 d5 22. Na5 Qc7 23. Nb3 c4 24. Nd2 Qc8 25. Re1 Qe6 26. Nhf3 Ng6 27. Qa4 Qf6 28. Qa6 Kh7 29. Nh2 Qe6 30. Nhf3 Qc8 31. Qa4 Qe6 32. Qa6 Rab8 33. a3 Qc8 34. Qa4 Qb7 35. Nf1 Qb5 36. Qc2 d4 37. N1d2 d3 38. Qd1 Qc5 39. Qa4 Rb7 40.
Qxc4 Qxc4 41. Nxc4 c5 42. Rd1 Kg8 43. Ne1 Rbd7 44.
Bd2 Kf7 45. a4 Ne7 46. Nf3 Nc6 47. Kf1 Ke6 48. Ke1 Rb8 49. Ra1 Bf6 50. Bc1 Bd8 51. Kd2 Bc7 52. a5 a6 53. Ra4 Rb5 54. Nh4 Nxa5 55. Ng6 Nb3+ 56. Kd1 Rd8 57. Rxa6+ Kf7 58.
Ngxe5+ Bxe5 59. Nxe5+ Kg7 60. Nc4 Rbb8 61. Bd2 Ra8 62. Ra3 Rxa3 63. Nxa3 Kf6 64. c4 Ke5 65. f3 Kf6 66. Bc3+ Kg5 67. Nb1 Kh4 68. Nd2 Nxd2 69. Kxd2 Rg8 70. Be5 Rxg2+ 71. Kxd3 Kxh3 72. Bxf4 h5 73. Bd6 Rxb2 74. Bxc5 Kg3 75. Ke3 Rb3+ 76. Kd4 Kxf3 77. Bd6 Rb1 78. c5 Rd1+ 79. Ke5 h4 80.
c6 h3 81. Ke6 Kxe4 82. c7 Rc1 83. Kd7 Rxc7+ 84. Kxc7 Kf3 85. Kd7 Kg2 86. Ke7 h2 87. Bxh2 1/2-1/2

[Event "Late-Titled-Tuesday-Blitz-June-25-2024"]
[Site "Chess.com"]
[Date "2024.06.25"]
[Round "5"]
[White "SujanaLohani"]
[Black "harshu27"]
[Result "1/2-1/2"]
[WhiteElo "2302"]
[BlackElo "2538"]
[TimeControl "180+1"]
[EndTime "14:56:34 PDT"]
[Termination "Game drawn - insufficient material"]

1. e4 e5 2. Nf3 Nc6 3. Bb5 Nf6 4. O-O Nxe4 5. d4 Nd6 6. Bxc6 dxc6 7. dxe5 Nf5 8.
Qxd8+ Kxd8 9. Nc3 h5 10. Bg5+ Ke8 11. Rad1 Be6 12. a3 Be7 13. Bxe7 Kxe7 14. Ng5 Rad8 15. f4 Ne3 16. Rxd8 Rxd8 17. Rf2 Bf5 18. h3 Nxc2 19. g4 hxg4 20. hxg4 Bd3 21. f5 Ne3 22. f6+ gxf6 23. exf6+ Ke8 24. Rf4 Nd5 25. Rf3 Nxc3 26. bxc3 Bg6 27. Re3+ Kf8 28. Re7 Rd6 29. Rxc7 Rxf6 30.
Rxb7 Rf4 31. Nh3 Rxg4+ 32. Kf2 Ra4 33. Rc7 Rxa3 34. Rxc6 a5 35. Nf4 Bc2 36. Nd5 a4 37. Ra6 Bd3 38. Ra7 Bc4 39. Nb6 Bb3 40. c4 Ra2+ 41.
Ke3 a3 42. c5 Be6 43. c6 Rc2 44. c7 a2 45. c8=Q+ Bxc8 46. Nxc8 Rxc8 47. Rxa2 Rc6 48. Ke4 Re6+ 49. Kf5 Kg7 50. Rg2+ Kf8 51. Ra2 Rg6 52. Ra7 Kg7 53. Rb7 Rc6 54. Ke5 Rc5+ 55. Kf4 Kg6 56.
Rb6+ f6 57. Rd6 Rc4+ 58. Kf3 Kf5 59. Rd5+ Ke6 60. Rh5 Rc3+ 61. Kf4 Rc4+ 62. Kf3 Rc1 63. Rh8 Rf1+ 64. Ke2 Rf4 65. Ke3 Ra4 66. Rh5 f5 67. Rh8 Re4+ 68. Kf3 Kf6 69. Rf8+ Kg6 70. Rg8+ Kf7 71. Rg5 Kf6 72. Rg8 Ra4 73. Rf8+ Ke5 74. Re8+ Kf6 75. Rf8+ Ke5 76. Re8+ Kd6 77. Rf8 Ra5 78.
Kf4 Ke6 79. Re8+ Kf7 80. Rb8 Ra4+ 81. Kxf5 Ra5+ 82. Ke4 Ra4+ 83. Kd5 Ra5+ 84. Kc6 Ra6+ 85. Kb5 Re6 86. Rb7+ Re7 87. Rb6 Re6 88. Rb8 Re8 89. Rb7+ Re7 90. Rb6 Re6 91. Rc6 Rxc6 92. Kxc6 1/2-1/2